 Dungeon Crawl Stone Soup version 0.17-a0-913-g36eb389 (webtiles) character file.

7420 hornqvist the Cleaver (level 11, -1/75 HPs)
             Began as a Formicid Fighter on May 3, 2015.
             Was an Initiate of Gozag.
             Slain by an eight-headed hydra (11 damage)
             ... on level 13 of the Dungeon.
             The game lasted 00:13:39 (10459 turns).

hornqvist the Cleaver (Formicid Fighter)           Turns: 10459, Time: 00:13:40

Health: -1/75      AC: 22    Str: 28    XL:     11   Next: 36%
Magic:  11/11      EV: 13    Int:  9    God:    Gozag
Gold:   656        SH: 12    Dex: 10    Spells: 0 memorised, 10 levels left

rFire  . . .     SeeInvis +     t - +0 dire flail
rCold  . . .     Clarity  .     q - +0 plate armour
rNeg   . . .     SustAb   .     c - +0 shield
rPois  .         Gourm    .     (helmet unavailable)
rElec  .         Spirit   .     o - +2 cloak
rCorr  .         Warding  .     (no gloves)
rMut   .         Stasis   +     J - +0 pair of boots
MR     +....                    (no amulet)
Stlth  ..........               A - +3 ring of evasion
                                u - +4 ring of protection

@: mighty, somewhat resistant to hostile enchantments, extremely unstealthy
A: permanent stasis, dig shafts and tunnels, four strong arms, antennae 3
a: Dig, Shaft Self, Potion Petition, Call Merchant, Bribe Branch, Renounce
Religion


You were on level 13 of the Dungeon.
You worshipped Gozag.
Gozag was noncommittal.
You were not hungry.

You visited 2 branches of the dungeon, and saw 13 of its levels.

You collected 1855 gold pieces.
You paid 1199 gold pieces to Gozag.

Inventory:

Hand weapons
 a - a +1 war axe
 t - a +0 dire flail (weapon)
Armour
 b - a +0 scale mail
 c - a +0 shield (worn)
 o - a +2 cloak (worn)
 q - a +0 plate armour (worn)
 J - a +0 pair of boots (worn)
Jewellery
 u - a +4 ring of protection (left hand)
 v - an uncursed ring of ice
 A - a +3 ring of evasion (right hand)
 E - the ring of the Hero {Ice Str+4 Int+5}
   (You took it off a hobgoblin on level 4 of the Dungeon)

   [ring of ice]

   It enhances your ice magic, and weakens your fire magic.
   It affects your strength (+4).
   It affects your intelligence (+5).
   It makes you vulnerable to fire.
   It protects you from cold.
Magical devices
 d - a wand of frost (40)
 z - a wand of draining (8)
Scrolls
 f - a scroll of fear
 h - a scroll of enchant weapon
 j - a scroll of immolation
 l - 5 scrolls of remove curse
 m - a scroll of magic mapping
 p - 6 scrolls of identify
 w - a scroll of recharging
 F - 3 scrolls of noise
 H - a scroll of amnesia {unknown}
Potions
 g - a potion of cancellation {unknown}
 i - a potion of berserk rage {unknown}
 k - a potion of magic
 r - a potion of curing
 s - a potion of haste {unknown}
 B - a potion of mutation {unknown}
 D - 3 potions of brilliance {unknown}
Books
 y - a book of Unlife

   Spells                             Type                      Level
   a - Recall                         Summoning/Translocation      3
   b - Animate Dead                   Necromancy                   4
   c - Control Undead                 Necromancy                   4
   d - Cigotuvi's Embrace             Necromancy                   5
   e - Death Channel                  Necromancy                   6
   f - Simulacrum                     Ice/Necromancy               6
Comestibles
 e - 8 bread rations
 x - 6 royal jellies
 G - 6 meat rations


   Skills:
 - Level 3.2 Fighting
 * Level 10.8 Axes
 + Level 8.5 Armour
 + Level 6.9 Dodging
 + Level 10.0 Shields


You had 10 spell levels left.
You didn't know any spells.

Dungeon Overview and Level Annotations

Branches:
Dungeon (13/15)            Temple (1/1) D:5            Lair (0/8) D:8
    Orc: D:9-12      Vaults: D:13-14

Altars:
Ashenzari
Cheibriados
Dithmenos
Elyvilon
Fedhas
Gozag
Kikubaaqudgha
Makhleb
Nemelex Xobeh
Okawaru
Qazlal
Ru
Sif Muna
Trog
Vehumet
Xom
Yredelemnul
Zin
The Shining One

Shops:
D:7 =   D:8 =(   D:12 *

Annotations:
D:9 laxity's ghost, experienced DEFE
D:13 Urug


Innate Abilities, Weirdness & Mutations

You are under a permanent stasis effect.
You can dig through walls and to a lower floor.
Your four strong arms can wield two-handed weapons with a shield.
You have a pair of large antennae on your head (SInv).


Message History

You feel very mighty all of a sudden.
The eight-headed hydra bites you but does no damage. x2
You block the eight-headed hydra's attack.
The eight-headed hydra bites you but does no damage. x2
You block the eight-headed hydra's attack.
The eight-headed hydra bites you!
* * * LOW HITPOINT WARNING * * *
The eight-headed hydra bites you but does no damage.
You take 8 damage, and have 20/75 hp.
You impale the eight-headed hydra!!
The eight-headed hydra bites you but does no damage.
You block the eight-headed hydra's attack.
The eight-headed hydra bites you.
* * * LOW HITPOINT WARNING * * *
The eight-headed hydra bites you but does no damage. x2
The eight-headed hydra bites you!
* * * LOW HITPOINT WARNING * * *
The eight-headed hydra bites you!
You die...
Your body crumbles into a pile of gold.

...# ..... #### .....
#..# {......#### #..##
........######. ....#
.......#.........
....##########..@D.o.....
...?............######...
....######..............
#..## #####$.##..... #..#
##..# .### .### ..... #
..## $#.### )..# .# # ..
...########. #.#


You could see an eight-headed hydra and Urug.

Vanquished Creatures
  A death yak (D:8)
  Pikel (D:5)
  A cyclops (D:11)
  Grinder (D:3)
  The ghost of WhatIsLove the Conjurer, an average DECj (D:4)
  A wraith (D:11)
  Eustachio (D:6)
  A wyvern (D:13)
  A hungry ghost (D:7)
  9 yaks
  A water moccasin (D:6)
  2 sky beasts
  3 orc warriors
  2 phantoms
  An ice beast (D:11)
  A slave (D:5)
  2 wasps (D:7)
  An ogre (D:11)
  2 big kobolds
  Blork the orc (D:5)
  7 giant frogs
  5 scorpions
  A wasp zombie (D:11)
  4 hounds
  3 jellies (D:8)
  3 centaur skeletons
  3 crimson imps
  4 orc priests
  An iguana (D:4)
  An iron imp (D:6)
  7 orc wizards
  7 worker ants
  4 sheep (D:11)
  2 hell rats (D:8)
  2 hound skeletons
  7 adders
  5 gnolls (D:6)
  2 river rats
  8 shadow imps
  2 ufetubi (D:6)
  6 oozes
  An adder skeleton (D:6)
  A worm (D:2)
  7 giant geckos
  30 orcs
  11 bats
  A bat skeleton (D:5)
  2 bat zombies
  7 giant cockroaches
  26 hobgoblins
  7 jackals
  33 kobolds
  5 quokkas
  2 ball pythons
  9 giant newts
  A giant spore (D:10)
  18 goblins
  A quokka skeleton (D:6)
  14 rats
  7 ballistomycetes
301 creatures vanquished.

Vanquished Creatures (others)
  A sky beast (D:5)
  A kobold (D:5)
  A giant spore (D:11)
3 creatures vanquished.

Grand Total: 304 creatures vanquished

Notes
Turn   | Place    | Note
--------------------------------------------------------------
     0 | D:1      | hornqvist, the Formicid Fighter, began the quest for the Orb.
     0 | D:1      | Reached XP level 1. HP: 18/18 MP: 1/1
   140 | D:1      | Reached XP level 2. HP: 24/24 MP: 2/2
   238 | D:1      | Reached skill level 4 in Shields
   630 | D:1      | Reached XP level 3. HP: 29/29 MP: 3/3
  1176 | D:2      | Reached XP level 4. HP: 31/35 MP: 4/4
  1188 | D:2      | Reached skill level 1 in Dodging
  1776 | D:3      | Reached XP level 5. HP: 41/41 MP: 5/5
  2255 | D:3      | Noticed Grinder
  2285 | D:3      | HP: 2/41 [Grinder (3)]
  2287 | D:3      | Killed Grinder
  2287 | D:3      | Reached skill level 5 in Shields
  2287 | D:3      | Reached XP level 6. HP: 3/47 MP: 6/6
  2995 | D:4      | Noticed WhatIsLove's ghost (average DECj)
  3014 | D:4      | Killed WhatIsLove's ghost
  3014 | D:4      | Reached skill level 5 in Axes
  3014 | D:4      | Reached XP level 7. HP: 21/52 MP: 7/7
  3339 | D:4      | Got an ancient marble ring
  3503 | D:4      | Identified the ring of the Hero {Ice Str+4 Int+5} (You took it off a hobgoblin on level 4 of the Dungeon)
  4092 | D:5      | Entered Level 5 of the Dungeon
  4107 | D:5      | Found a staircase to the Ecumenical Temple.
  4156 | D:5      | Reached XP level 8. HP: 58/58 MP: 8/8
  4165 | Temple   | Entered the Ecumenical Temple
  4279 | Temple   | Became a worshipper of Gozag Ym Sagoz the Greedy
  4373 | D:5      | Reached skill level 6 in Shields
  4390 | D:5      | Reached skill level 5 in Armour
  4499 | D:5      | Noticed Blork the orc
  4521 | D:5      | Killed Blork the orc
  4810 | D:5      | Noticed Pikel
  5022 | D:5      | Killed Pikel
  5022 | D:5      | Reached skill level 7 in Axes
  5022 | D:5      | Reached XP level 9. HP: 46/64 MP: 9/9
  5649 | D:6      | Noticed Eustachio
  5687 | D:6      | Killed Eustachio
  5687 | D:6      | Reached skill level 8 in Axes
  6150 | D:6      | Got a steaming ring mail
  6160 | D:6      | Identified the +1 ring mail "Tavamm" {rPois rC- SInv} (You found it on level 6 of the Dungeon)
  6680 | D:7      | Found a shimmering altar of Xom.
  6834 | D:7      | Reached skill level 5 in Dodging
  6904 | D:7      | Reached XP level 10. HP: 70/70 MP: 10/10
  6912 | D:7      | Found Wamafuz's Jewellery Emporium.
  7275 | D:8      | Reached skill level 9 in Axes
  7304 | D:8      | Found Uxibof's Jewellery Emporium.
  7314 | D:8      | Found a staircase to the Lair.
  7314 | D:8      | Noticed a death yak
  7819 | D:8      | Found Tecs's Antique Weapon Shoppe.
  8481 | D:8      | Killed a death yak
  8701 | D:9      | Noticed laxity's ghost (experienced DEFE)
  8720 | D:9      | You fall through a shaft for 2 floors!
  9022 | D:11     | Reached skill level 10 in Axes
  9544 | D:11     | Noticed a cyclops
  9552 | D:11     | Killed a cyclops
  9552 | D:11     | Reached XP level 11. HP: 75/75 MP: 11/11
  9804 | D:10     | Entered Level 10 of the Dungeon
 10093 | D:10     | You fall through a shaft for 3 floors!
 10284 | D:13     | Reached skill level 10 in Shields
 10447 | D:13     | Noticed an eight-headed hydra
 10456 | D:13     | Noticed Urug
 10459 | D:13     | Slain by an eight-headed hydra

Action                   |  1- 3 |  4- 6 |  7- 9 | 10-12 || total
-------------------------+-------+-------+-------+-------++-------
Melee: War axe           |   116 |   151 |   459 |   416 ||  1142
       Dire flail        |       |       |       |     4 ||     4
Invok: Call Merchant     |       |       |     1 |     1 ||     2
       Potion Petition   |       |       |       |     1 ||     1
 Abil: Shaft Self        |       |       |       |     1 ||     1
  Use: Potion            |       |     1 |    12 |     1 ||    14
       Scroll            |       |       |    13 |     1 ||    14
 Stab: Distracted        |       |       |     1 |     2 ||     3
  Eat: Chunk             |     1 |     6 |     5 |       ||    12
       Royal jelly       |       |       |     1 |     4 ||     5
       Fruit             |       |       |     6 |     3 ||     9
       Pizza             |       |       |     2 |       ||     2
       Beef jerky        |       |       |       |     2 ||     2
